[Event "Late-Titled-Tuesday-Blitz-June-04-2024"]
[Site "Chess.com"]
[Date "2024.06.04"]
[Round "2"]
[White "AldokhinIvan"]
[Black "HeinichessPY"]
[Result "0-1"]
[WhiteElo "2649"]
[BlackElo "2280"]
[TimeControl "180+1"]
[EndTime "14:18:47 PDT"]
[Termination "HeinichessPY won by resignation"]

1. e4 e6 2. d4 d5 3. Nc3 dxe4 4. Nxe4 Bd7 5. c4 Bc6 6. Nc3 Nf6 7. Nf3 Bb4 8. Ne5 O-O 9. Be2 Ne4 10. Qd3 f5 11.
O-O Bxc3 12. bxc3 Nd7 13. Nxc6 bxc6 14. Bf3 Ndf6 15. Bf4 c5 16. Be5 Rb8 17. Qe3 cxd4 18. cxd4 Rb4 19. Rac1 Qd7 20. Rfd1 c6 21. Qa3 Qb7 22.
h3 Nd7 23. Bf4 Rb2 24. Bxe4 fxe4 25. Rd2 Rb1 26. Rdd1 Rb2 27. Qg3 Nf6 28. Be5 Nh5 29. Qg4 Rfxf2 30. Qxh5 Rxg2+ 31. Kh1 Qf7 32. Qxf7+ Kxf7 33. Rf1+ Ke7 34. Rb1 Rxa2 35. Rb7+ Ke8 36. Rff7 Rgc2 37.
Rbe7+ Kd8 38. Bc7+ Kc8 39. Re8+ Kb7 40. Bh2+ Ka6 41. Bg1 Ra1 42. Rf4 Rcc1 43. Rg4 g6 44. Rxe6 e3 45. Rxc6+ Kb7 46. Re6 Rxc4 47. Rf4 a6 48.
Rf7+ Rc7 49. Rxc7+ Kxc7 50. Rxe3 Kd6 51. Re5 Rd1 52.
Rc5 Ra1 53. Kg2 h6 54. Bf2 Ra2 55. Kf3 g5 56. Be3 Ra3 57. Rf5 Ke6 58. Re5+ Kd6 59. Re4 Kd5 60. Re5+ Kd6 61. Ke4 a5 62. d5 Rxe3+ 63.
Kxe3 Kxe5 64. d6 Kxd6 65. Kd4 Ke6 66. Ke4 Kf6 0-1

[Event "Late-Titled-Tuesday-Blitz-June-04-2024"]
[Site "Chess.com"]
[Date "2024.06.04"]
[Round "2"]
[White "ChessFanNM"]
[Black "tactic"]
[Result "0-1"]
[WhiteElo "2256"]
[BlackElo "2577"]
[TimeControl "180+1"]
[EndTime "14:18:47 PDT"]
[Termination "tactic won on time"]

1. Nf3 d5 2. e3 Nf6 3. c4 c6 4.
Nc3 g6 5. d4 Bg7 6. Ne5 O-O 7.
Bd3 Nbd7 8. f4 c5 9. O-O cxd4 10. exd4 dxc4 11. Bxc4 Nb6 12. Bb3 Nfd5 13. Ne4 Bf5 14. Ng3 Be6 15. Kh1 Nc7 16. Be3 Bxb3 17. axb3 Ncd5 18.
Bg1 e6 19. Rc1 Qh4 20. Qf3 Rac8 21. Rc5 Rcd8 22. Rfc1 Qxf4 23. Qxf4 Nxf4 24. Rc7 Bxe5 25. dxe5 Nd3 26. Rf1 Nxe5 27. Rxb7 Rd7 28. Rxd7 Nexd7 29. Ne4 Rc8 30. Bd4 e5 31. Bc3 f5 32. Nd6 Rc6 33. Nb5 a6 34. Na3 Nd5 35. Nc4 e4 36. Kg1 N7b6 37. Nxb6 Rxb6 38. Rd1 Nxc3 39. bxc3 Rxb3 40. Rc1 Rb2 41. c4 a5 42. c5 Rb8 43. c6 Kf7 44. c7 Rc8 45. Kf2 Ke7 46. Ke3 Kd7 47. Rc5 a4 48.
Ra5 Rxc7 49. Rxa4 Ke6 50. Ra5 Kf6 51. h4 h6 52. Kf4 g5+ 53. hxg5+ hxg5+ 54. Kg3 Rc3+ 55. Kf2 g4 56. Ra8 g3+ 57. Ke2 Rc2+ 58. Ke3 Rxg2 59.
Kf4 Rg1 60. Ra6+ Kg7 61. Kxf5 Rf1+ 62. Kg5 g2 63. Ra7+ Rf7 64. Ra1 Rf1 65. Ra7+ Kf8 66. Ra8+ Ke7 67. Ra7+ Kd6 68. Ra6+ Kc7 0-1

[Event "Late-Titled-Tuesday-Blitz-June-04-2024"]
[Site "Chess.com"]
[Date "2024.06.04"]
[Round "2"]
[White "KNVB"]
[Black "Love7Unicorn"]
[Result "0-1"]
[WhiteElo "2767"]
[BlackElo "2550"]
[TimeControl "180+1"]
[EndTime "14:18:49 PDT"]
[Termination "Love7Unicorn won by checkmate"]

1. d4 Nf6 2. Bf4 b6 3. e3 Bb7 4.
h3 d6 5. Nf3 h6 6. c4 g5 7. Bg3 e6 8. Nc3 Nbd7 9. Bd3 Rg8 10. Qc2 h5 11. O-O-O g4 12. hxg4 hxg4 13. Nd2 Bxg2 14. Rh2 Bb7 15. d5 e5 16. Bf5 a6 17.
Rdh1 Qe7 18. Nde4 Bg7 19. Bh4 Qf8 20. Bg5 Nxe4 21. Nxe4 f6 22. Bh4 O-O-O 23. Bg3 Kb8 24. b4 Rh8 25. Rh7 Rxh7 26. Rxh7 Qg8 27. Nd2 Nf8 28. Rh4 Qf7 29. Rxg4 Bh6 30. Rh4 Bg5 31. Rh8 Qg7 32. Rh1 Bxe3 33. Qe4 Bxd2+ 34. Kxd2 Qg5+ 35. Kc2 Bc8 36. Bxc8 Rxc8 37. Bh4 Qg7 38.
Bg3 Qg5 39. Bh4 Qh5 40. Bxf6 Qf7 41. Bg5 Ng6 42. Be3 Rh8 43. Rxh8+ Nxh8 44. c5 bxc5 45.
bxc5 Qg6 46. Qxg6 Nxg6 47. cxd6 cxd6 48. Kd3 Kc7 49. Ke4 Nf8 50. a4 Nd7 51. Kf5 Nb6 52.
Bxb6+ Kxb6 53. f3 Kc5 54. Ke6 a5 55. Kf5 Kxd5 56. Kf6 Kc5 57. Ke6 Kc6 58. Kf5 Kd5 59. Kf6 e4 60. fxe4+ Kxe4 61. Ke6 d5 62. Kd6 d4 63. Kc5 d3 64. Kb5 d2 65. Kxa5 d1=Q 66.
Ka6 Qd5 67. a5 Kd4 68. Kb6 Qc5+ 69. Kb7 Qxa5 70. Kc6 Qa6+ 71. Kc7 Kd5 72. Kb8 Qb6+ 73. Ka8 Qf6 74. Kb7 Kc5 75. Ka7 Kb5 76. Kb7 Qf7+ 77.
Ka8 Kb6 78. Kb8 Qb7# 0-1

[Event "Late-Titled-Tuesday-Blitz-June-04-2024"]
[Site "Chess.com"]
[Date "2024.06.04"]
[Round "2"]
[White "Manukyan_Artak"]
[Black "Good_Knight_Kiss"]
[Result "0-1"]
[WhiteElo "2528"]
[BlackElo "2343"]
[TimeControl "180+1"]
[EndTime "14:18:52 PDT"]
[Termination "Good_Knight_Kiss won by checkmate"]

1. e4 c5 2. Nf3 d6 3. Bb5+ Nd7 4. O-O a6 5. Bd3 Ngf6 6. a4 b6 7. Re1 Bb7 8. c3 e5 9. Bc4 Be7 10. d3 O-O 11. Nbd2 Qc7 12. Qb3 h6 13. Nf1 Bc6 14. Ne3 g6 15. Nd5 Bxd5 16. exd5 Kh7 17. h3 Ng8 18. d4 Bf6 19. dxe5 Nxe5 20. Nxe5 Bxe5 21. f4 Bg7 22. f5 g5 23. h4 gxh4 24. Re4 Bf6 25.
Bf4 b5 26. Bf1 c4 27. Qc2 Qc5+ 28. Kh1 Qxd5 29. Rd1 Qxf5 30. Bxd6 Rfe8 31. Re2 Qxc2 32. Rxc2 Rad8 33. Rcc1 Bg5 34. Ra1 Nf6 35. axb5 Ne4 36. bxa6 Nf2+ 37. Kg1 Nxd1 38. Rxd1 Re6 39. a7 Be3+ 40. Kh1 Bxa7 41. Bxc4 Rexd6 42. Rxd6 Rxd6 43. Bxf7 Rd2 44. b4 Rc2 45. c4 Rb2 46. b5 Kg7 47. Bd5 Kf6 48. Kh2 Kg5 49. Kh3 h5 50. Bf3 Rb3 51. Kh2 Rc3 52. Bd5 Bb8+ 53. Kg1 Bc7 54.
Kf2 Bb6+ 55. Ke2 Kf4 56. Kd2 Rg3 57. Kc2 h3 58. gxh3 Rxh3 59. c5 Bxc5 60. Be6 Rg3 61. b6 Bxb6 62. Bd5 h4 63. Kd2 h3 64. Ke2 h2 65. Bh1 Rg1 66. Bd5 h1=Q 67. Bxh1 Rxh1 68.
Kd3 Rh5 69. Kc4 Bg1 70. Kb3 Rc5 71. Kb4 Ke4 72. Kb3 Kd4 73. Kb2 Bh2 74. Ka3 Rb5 75.
Ka4 Kc4 76. Ka3 Rb4 77. Ka2 Rb3 78. Ka1 Kc3 79. Ka2 Kc2 80. Ka1 Ra3# 0-1

[Event "Late-Titled-Tuesday-Blitz-June-04-2024"]
[Site "Chess.com"]
[Date "2024.06.04"]
[Round "2"]
[White "artin10862"]
[Black "Der_Honigdachs"]
[Result "0-1"]
[WhiteElo "2950"]
[BlackElo "2527"]
[TimeControl "180+1"]
[EndTime "14:18:55 PDT"]
[Termination "Der_Honigdachs won by resignation"]

1. Nf3 Nf6 2. g3 d5 3. Bg2 e6 4. O-O Be7 5. c4 O-O 6. b3 c5 7. cxd5 Nxd5 8. Bb2 Nc6 9. Nc3 Bf6 10. Qc2 b6 11. Nxd5 exd5 12. d4 Nb4 13. Qd2 Be6 14. dxc5 Bxb2 15. Qxb2 bxc5 16. Rac1 Qb6 17. Rfd1 h6 18.
Ne5 Rfd8 19. Rd2 Rac8 20. a3 Nc6 21. Nxc6 Qxc6 22. b4 c4 23. Qd4 Qa4 24. Rc3 a5 25. Rb2 axb4 26. Rxb4 Qa6 27. Bf3 Qa5 28. Kg2 Rb8 29.
Rxb8 Rxb8 30. e4 dxe4 31. Bxe4 Rb3 32. Qd6 Qb6 33. Qxb6 Rxb6 34. Bc2 Ra6 35. Kf3 Kf8 36. Ke3 Ke7 37. Kd4 Kd6 38. Bd1 g5 39. Bf3 Ra4 40.
Bd1 Ra5 41. Ke3 Rd5 42. Be2 Re5+ 43. Kd2 Rc5 44. Kc1 Kd5 45. Kd2 Kd4 46. Bd1 Ra5 47.
Re3 Rc5 48. Rc3 Ra5 49. Be2 Rb5 50. Rc2 Rb3 51. a4 Ra3 52. Bd1 c3+ 53. Ke1 Ra1 54. Ke2 Bb3 55. Rd2+ cxd2 56. Bxb3 Kc3 57. Bd1 Ra3 58. h3 f5 59. h4 f4 60. hxg5 hxg5 61. gxf4 gxf4 62. Kf3 Kb2+ 63. Kxf4 Kc1 64. Bh5 Rxa4+ 65.
Ke3 Ra5 66. Bg4 Rg5 67. Bf3 Rf5 68. Bg4 Rf8 69. f4 d1=Q 70. Bxd1 Kxd1 71. Ke4 Ke2 72. f5 Kf2 73. Ke5 Kg3 74. f6 Kg4 75. Ke6 Kg5 76.
Ke7 Rxf6 0-1

[Event "Late-Titled-Tuesday-Blitz-June-04-2024"]
[Site "Chess.com"]
[Date "2024.06.04"]
[Round "2"]
[White "cthulhuuu"]
[Black "Abund"]
[Result "0-1"]
[WhiteElo "2444"]
[BlackElo "2804"]
[TimeControl "180+1"]
[EndTime "14:18:55 PDT"]
[Termination "Abund won on time"]

1. e4 c6 2. d3 d5 3. Nd2 e5 4.
Ngf3 Bd6 5. d4 exd4 6. exd5 Nf6 7. dxc6 Nxc6 8. Be2 O-O 9. Nb3 Re8 10. O-O Bg4 11. h3 Bxf3 12. Bxf3 Be5 13. Nc5 Qb6 14. Nd3 h6 15. Re1 Bd6 16. Bd2 Ne5 17. Nxe5 Bxe5 18.
Rb1 Rad8 19. Qc1 Rc8 20. Bf4 Nd7 21. Bg4 Bxf4 22. Qxf4 Qc6 23. Bf3 Qb6 24. Bd5 Nf6 25. Bb3 Rcd8 26. Rbd1 Rxe1+ 27. Rxe1 Qc5 28. Rd1 a6 29.
Qf3 b5 30. Qb7 Rd7 31. Qxa6 Kh7 32. Qa8 g6 33. Qf3 Kg7 34. h4 h5 35. g3 b4 36. Re1 Ng4 37. Qf4 Qa7 38. Re8 Qb6 39. Re4 Qc6 40. Kg2 Nf6 41. f3 Nxe4 42. fxe4 Qf6 43.
Qd2 Qe5 44. Qe2 Qc5 45. Qf3 Qe5 46. Kh3 Re7 47. Kh2 Qxe4 48. Qxe4 Rxe4 49. Kg2 Re2+ 50. Kf3 Re3+ 51. Kf4 Kf6 52. a3 bxa3 53. bxa3 Re2 54.
a4 Re5 55. Kf3 Re7 56. g4 hxg4+ 57. Kxg4 Ke5 58. h5 gxh5+ 59. Kxh5 f5 60. Kh4 Ke4 61. Kg3 Ke3 62. Kg2 f4 63. a5 Ra7 0-1

[Event "Late-Titled-Tuesday-Blitz-June-04-2024"]
[Site "Chess.com"]
[Date "2024.06.04"]
[Round "2"]
[White "2346PL"]
[Black "IlanSchnaider"]
[Result "1-0"]
[WhiteElo "2552"]
[BlackElo "2783"]
[TimeControl "180+1"]
[EndTime "14:18:58 PDT"]
[Termination "2346PL won by resignation"]

1. d4 Nf6 2. Bg5 c5 3. d5 e6 4. Nc3 d6 5. dxe6 Bxe6 6. e4 Nc6 7. Nf3 Be7 8. Bd3 O-O 9. O-O Ne5 10. h3 h6 11. Bf4 Ng6 12. Bh2 Qb6 13. Rb1 Nh5 14. Qd2 Bf6 15. g4 c4 16. Be2 Nh4 17. Nxh4 Bxh4 18. gxh5 Bxh3 19. Qf4 Bxf1 20. Bxf1 Bg5 21. Qxd6 Qa5 22. Bxc4 Rad8 23. Qe5 Qb4 24. Bd3 Bf6 25. Nd5 Bxe5 26. Nxb4 Bxh2+ 27. Kxh2 Rfe8 28. Nd5 Re5 29. Nf4 Rd4 30. f3 a5 31. Kg3 Rd6 32.
Kf2 Rf6 33. Ke3 b5 34. Rh1 b4 35. Nd5 Rfe6 36. Kd4 Rg5 37. f4 Rg2 38. f5 Re8 39.
f6 Rd8 40. fxg7 Kxg7 41. Ke3 Rg3+ 42. Kf4 Rg5 43. Be2 Re8 44. Bf3 Ree5 45. Ne3 Rc5 46. Rd1 a4 47. Rd4 Rb5 48. Rd7 b3 49. axb3 axb3 50.
c4 Ra5 51. Rb7 Ra1 52. Rxb3 Rag1 53. Nf5+ Kg8 54. Nxh6+ Kf8 55. Nf5 Ke8 56. h6 Rg6 57. h7 Kd7 58. h8=Q R1g5 59. Qd4+ Kc7 60. Qc5+ Rc6 61.
Qxc6+ Kxc6 62. Kxg5 f6+ 63. Kxf6 Kc5 64. Rb8 Kc6 65. Rc8+ Kd7 66. Ra8 Kc6 67. e5+ Kb6 68. e6 Kc5 69. e7 Kb4 70. e8=Q Kb3 71. Qb5+ Kc2 72. Ra3 Kc1 73. b4 Kd2 74. Qa4 Ke1 75. Ra2 1-0

[Event "Late-Titled-Tuesday-Blitz-June-04-2024"]
[Site "Chess.com"]
[Date "2024.06.04"]
[Round "2"]
[White "Slovak_fighter2000"]
[Black "GMTalks_Youtube"]
[Result "0-1"]
[WhiteElo "2523"]
[BlackElo "2753"]
[TimeControl "180+1"]
[EndTime "14:18:59 PDT"]
[Termination "GMTalks_Youtube won on time"]

1. d4 Nf6 2. Nf3 g6 3. c4 Bg7 4. Nc3 d6 5. Bg5 h6 6. Bh4 c5 7.
e3 O-O 8. Be2 Nc6 9. O-O cxd4 10.
exd4 g5 11. Bg3 Nh5 12. d5 Nxg3 13. hxg3 Ne5 14. Nxe5 Bxe5 15. Bd3 Bg7 16. Qf3 f5 17. Rfe1 Bd7 18. Rad1 Rf7 19. Bb1 g4 20. Qe3 Qb6 21. b3 Qxe3 22. Rxe3 Rc8 23. Rde1 a6 24. Ne2 Bf6 25. Nf4 b5 26. Bd3 Bd4 27. R3e2 Bf6 28. Ne6 bxc4 29. Bxc4 a5 30. Rd1 a4 31. Nd4 axb3 32.
axb3 Bxd4 33. Rxd4 Ra8 34. Rd3 Kg7 35. Rde3 Kf6 36.
b4 Ra1+ 37. Re1 Ra4 38. Rb1 Rf8 39. Bf1 Rb8 40. b5 Rd4 41. Rbe1 Re8 42. b6 Rb4 43. Rc3 Rxb6 44. Rc7 Rd8 45. Ra1 Bb5 46. Rb1 Rdb8 47. Re1 Bxf1 48. Re6+ Kg5 49. Kxf1 Rb1+ 50. Re1 Rxe1+ 51.
Kxe1 Kf6 52. Rc2 Rb5 53. Rd2 Rb1+ 54. Ke2 Rb4 55. Ke3 Re4+ 56. Kd3 Re5 57. Kd4 Re4+ 58. Kd3 Ke5 59. Ra2 Rd4+ 60. Ke3 Rxd5 61. Ra8 Kf6 62.
Rf8+ Kg6 63. Re8 Kf7 64. Rh8 Kg7 65. Ra8 Re5+ 66. Kd2 Rc5 67. Kd3 Kf6 68. Ke3 Rc3+ 69.
Ke2 Rc2+ 70. Ke3 Rb2 71. Rf8+ Ke6 72. Rh8 Rb3+ 73. Ke2 Rb2+ 74. Ke3 Ke5 75. Rxh6 d5 76. Rh8 d4+ 77. Kd3 Rxf2 78. Re8 e6 0-1

[Event "Late-Titled-Tuesday-Blitz-June-04-2024"]
[Site "Chess.com"]
[Date "2024.06.04"]
[Round "2"]
[White "Szparu"]
[Black "crazy_but_lazy"]
[Result "1/2-1/2"]
[WhiteElo "2982"]
[BlackElo "2619"]
[TimeControl "180+1"]
[EndTime "14:19:02 PDT"]
[Termination "Game drawn - insufficient material"]

1. Nf3 g6 2. e4 c5 3. c3 d5 4. exd5 Qxd5 5. d4 Bg7 6. Na3 cxd4 7. Nb5 Qd8 8. Bf4 Na6 9. Nbxd4 Nf6 10. Bb5+ Bd7 11.
Bxa6 bxa6 12. O-O O-O 13. Be5 Qb6 14. Qb3 a5 15. Rfe1 a4 16. Qa3 Rfe8 17. c4 Rac8 18. Rac1 Rc5 19. h3 Rec8 20. b3 axb3 21. axb3 a5 22. Rcd1 Qb7 23. Rd3 Bf8 24. Qa1 Nh5 25. Ne2 f6 26. Bd4 R5c7 27. Bc3 a4 28. bxa4 Rxc4 29.
a5 e5 30. Nd2 Ra4 31. Qd1 Bb5 32. Qb3+ Kh8 33. Rf3 Bc6 34. Qxb7 Bxb7 35. Rd3 Ra3 36. Nb1 Ba6 37. Nxa3 Bxd3 38. Bb2 Bxe2 39. Rxe2 Nf4 40. Rd2 Bb4 41. Rd7 Bxa5 42. g3 Ne6 43. f4 Rb8 44. Ba1 Rd8 45. Rxd8+ Bxd8 46. fxe5 fxe5 47. Bxe5+ Kg8 48.
Nc4 Be7 49. Kg2 Kf7 50. Kf3 Bf6 51. Bb8 Ng7 52. Ke4 Ke6 53. Nb6 Ne8 54. Nd5 Bd8 55. Nf4+ Kf7 56. Ba7 Nf6+ 57. Kf3 Bc7 58. Bd4 Bxf4 59.
Kxf4 Ng8 60. Kg5 h6+ 61. Kf4 g5+ 62. Kf5 Ne7+ 63. Kg4 Kg6 64. Kf3 Kf5 65. g4+ Kg6 66. Ke4 h5 67. Bc5 hxg4 68. hxg4 Ng8 69. Bd4 Nh6 70. Kf3 Nf7 71. Ke4 Nd6+ 72. Kd5 Nf7 73. Ke4 Nd6+ 74. Kf3 Kf7 75. Be3 Kf6 76. Bd4+ Kg6 77.
Be3 Nf7 78. Bxg5 Ne5+ 79. Kf4 Nxg4 1/2-1/2

[Event "Late-Titled-Tuesday-Blitz-June-04-2024"]
[Site "Chess.com"]
[Date "2024.06.04"]
[Round "2"]
[White "Jesseinkman"]
[Black "Eduard_Limonov"]
[Result "0-1"]
[WhiteElo "2549"]
[BlackElo "2838"]
[TimeControl "180+1"]
[EndTime "14:19:03 PDT"]
[Termination "Eduard_Limonov won by resignation"]

1. e4 c6 2. d4 d5 3. exd5 cxd5 4. Bd3 Nc6 5. c3 Nf6 6. Bf4 Bg4 7. Qb3 e5 8. dxe5 Nh5 9. Be3 Nxe5 10. Bb5+ Nc6 11. Qa4 Bd7 12. Nf3 a6 13. Bxc6 Bxc6 14. Qb3 Bd6 15.
Nd4 O-O 16. O-O Re8 17. Nd2 h6 18. N2f3 Qd7 19. Qc2 Nf6 20. Rad1 Rad8 21. h3 Ne4 22. Rfe1 Bb8 23. Nxc6 bxc6 24. c4 Qb7 25. cxd5 cxd5 26.
Nd4 Be5 27. f3 Rc8 28. Qb1 Nd6 29. b3 Qb4 30. Nf5 Nxf5 31. Qxf5 Bg3 32. Re2 d4 33. Bd2 Qb5 34. Rxe8+ Rxe8 35. Qg4 Qe2 36. f4 Qxg4 37. hxg4 Re2 38. f5 d3 39. a4 Re4 40. Bc3 Re3 41. Bd4 Re4 42. Bc3 Rxg4 43. Rxd3 Bc7 44. f6 Bb6+ 45. Kf1 gxf6 46. Rf3 Bd8 47. Bxf6 Bc7 48.
Bd4 Rxd4 49. Rf5 Rd6 50. Rc5 Bb6 51. Rc8+ Kg7 52. b4 Rd4 53. a5 Ba7 54. Rc7 Bb8 55.
Rb7 Bd6 56. Rb6 Bxb4 57. Rxa6 Rd1+ 58. Ke2 Ra1 59. Rb6 Ra2+ 60. Kd3 Bxa5 61. Ra6 Ra3+ 62.
Ke4 Bb4 63. Rc6 Be7 64. Rc7 Bf6 65. Rc8 Rg3 66. Kf4 Rxg2 67. Kf5 Rg5+ 68. Kf4 h5 69. Kf3 Rf5+ 70. Kg3 h4+ 71. Kh3 Rf3+ 72. Kg2 Rg3+ 73. Kh2 Rg4 74. Kh1 Kg6 75. Kh2 Kf5 76. Kh3 Rg3+ 77.
Kh2 Be5 78. Kh1 Rc3 79. Kg1 Rxc8 0-1

[Event "Late-Titled-Tuesday-Blitz-June-04-2024"]
[Site "Chess.com"]
[Date "2024.06.04"]
[Round "2"]
[White "ACH19"]
[Black "CarlosjPineror"]
[Result "0-1"]
[WhiteElo "2246"]
[BlackElo "2665"]
[TimeControl "180+1"]
[EndTime "14:19:05 PDT"]
[Termination "CarlosjPineror won on time"]

1. e4 c5 2. Nf3 e6 3. d4 cxd4 4. Nxd4 a6 5. g3 Qc7 6. Bg2 Nf6 7. O-O h5 8. h3 Nc6 9. Nc3 d6 10. Nxc6 bxc6 11. e5 dxe5 12. Bg5 Nd5 13. Ne4 f6 14. Bd2 h4 15. g4 Nf4 16. Bxf4 exf4 17. Qd3 Be7 18.
Rfe1 O-O 19. Nd2 Rd8 20. Qc3 Rb8 21. a3 c5 22. Nf3 e5 23. Nxh4 Be6 24. Rad1 Rxd1 25. Rxd1 Rd8 26. Rd3 Rxd3 27. Qxd3 Qd6 28. Be4 Qxd3 29. cxd3 g5 30. Nf5 Bf8 31. Kf1 Kf7 32.
Ke2 Ke8 33. Kd2 Kd7 34. Kc3 a5 35. f3 Kc7 36. h4 Bxf5 37. Bxf5 gxh4 38. g5 fxg5 39.
Kc4 Kb6 40. a4 Kc6 41. b3 Be7 42. Bg4 Bd8 43. Bf5 Kd6 44. Bg4 Bb6 45. Bf5 Ke7 46.
Kd5 Kf6 47. Bg4 Bd8 48. Kxc5 Be7+ 49. Kb5 Bb4 50. Kc4 Ke7 51. Kd5 Kf6 52. Kc4 Be1 53.
Kd5 Bf2 54. Kc4 Ke7 55. Kb5 Be1 56. Kc5 Kf6 57. Kd6 Bb4+ 58. Kd5 Ba3 59. Kc6 Ke7 60. Bh3 Kf6 61. Bg4 e4 62. dxe4 Ke5 63. Kd7 Bb4 64.
Kc6 Kd4 65. Kd7 Kc3 66. e5 Kxb3 67. Ke6 Kxa4 68. Kf6 Kb5 69. Kxg5 Be7+ 70. Kxf4 a4 71. Be6 a3 72. Kg4 Kc5 73. f4 Kd4 74. Ba2 Ke4 75.
Bb1+ Kd4 76. Ba2 Bd8 77. Bb1 Kc3 78. Bf5 a2 0-1

[Event "Late-Titled-Tuesday-Blitz-June-04-2024"]
[Site "Chess.com"]
[Date "2024.06.04"]
[Round "2"]
[White "Aygehovit1992"]
[Black "pinelone"]
[Result "1-0"]
[WhiteElo "2801"]
[BlackElo "2402"]
[TimeControl "180+1"]
[EndTime "14:19:07 PDT"]
[Termination "Aygehovit1992 won by checkmate"]

1. e4 c6 2. Nc3 d5 3. Nf3 dxe4 4. Nxe4 Nf6 5. Qe2 Nxe4 6. Qxe4 Be6 7. c4 Nd7 8. b3 Nf6 9. Qe3 Bf5 10. Bb2 e6 11. Be2 Be7 12. h3 Qb6 13. Ne5 Qxe3 14. fxe3 Ne4 15.
O-O-O Nf2 16. g4 Be4 17. Rhf1 Nxd1 18. Kxd1 f6 19. Nd3 Bxd3 20. Bxd3 O-O-O 21. Be4 h5 22. Bc3 hxg4 23. hxg4 Rh4 24. Bf3 g5 25. Be2 e5 26.
Bf3 Kc7 27. b4 Rdh8 28. b5 Rh2 29. a4 cxb5 30. cxb5 b6 31. Kc2 Rd8 32. Be4 Rh4 33. Bf5 Rdh8 34. Rb1 Rh1 35. Rb3 Bc5 36. Kd3 Rd8+ 37.
Ke4 Rd1 38. a5 R1xd2 39. axb6+ Bxb6 40. Bxd2 Rxd2 41. Rc3+ Kd6 42. Rc6+ Ke7 43. Re6+ Kf7 44. Rc6 Ke7 45. Re6+ Kf7 46. Rc6 Re2 47. Rc3 Ke7 48. Kf3 Rd2 49. Ke4 Rd6 50. Kf3 Rd2 51. Rc6 Rb2 52.
Re6+ Kf7 53. Bd3 Rb3 54. Ke4 Rb4+ 55. Kf3 Ra4 56. Rc6 Ra3 57. Ke4 Ra4+ 58. Bc4+ Ke7 59. Kf5 Ra3 60. Re6+ Kd7 61. Rxf6 Rxe3 62. Bd5 Rd3 63.
Bc6+ Kc7 64. Kxg5 Rd6 65. Rf7+ Kd8 66. Kf5 Bd4 67. g5 Kc8 68. g6 Rd8 69. g7 e4 70.
Bb7+ Kb8 71. Bxe4 Bb6 72. Rf8 Kc7 73. Rxd8 Kxd8 74. g8=Q+ Ke7 75. Qd5 Ke8 76. Qc6+ Kf8 77. Kg6 Ke7 78. Bf5 Kd8 79. Qd7# 1-0

[Event "Late-Titled-Tuesday-Blitz-June-04-2024"]
[Site "Chess.com"]
[Date "2024.06.04"]
[Round "2"]
[White "N_I_Chess"]
[Black "azzbrn"]
[Result "0-1"]
[WhiteElo "2290"]
[BlackElo "2514"]
[TimeControl "180+1"]
[EndTime "14:19:15 PDT"]
[Termination "azzbrn won by checkmate"]

1. d4 Nf6 2. c4 e6 3. Nc3 Bb4 4. Bd2 O-O 5. e3 d5 6. Nf3 c5 7. cxd5 exd5 8. Bd3 Nc6 9. dxc5 Bxc5 10.
O-O Bg4 11. Be2 Ne4 12. Be1 Re8 13. Nd4 Bxe2 14. Ndxe2 Re5 15. Rc1 Qh4 16. Na4 Rh5 17. h3 Bd6 18. f4 Qe7 19. Rf3 Rd8 20. Nac3 Nf6 21. Nb5 Bc5 22. Nbd4 Bb6 23. Bc3 Ne4 24. Qd3 Rh6 25. Ng3 Nxg3 26. Rxg3 Rg6 27. Rf3 Qe4 28. Rd1 Rgd6 29. g4 Nxd4 30. exd4 Qe7 31. Rf2 Re6 32. Rdf1 Re3 33. Qd2 Rxh3 34. Rf3 Qh4 35.
Rxh3 Qxh3 36. Qg2 Qe3+ 37. Qf2 Qh3 38. Qg2 Qh4 39. Re1 Bxd4+ 40. Kf1 Bxc3 41. bxc3 Qf6 42. Qf3 Qa6+ 43. Kg2 Qxa2+ 44. Re2 Qa5 45. Qe3 h6 46.
f5 Qc7 47. f6 Qc6 48. fxg7 d4+ 49. Qf3 d3 50. Rd2 Qxf3+ 51. Kxf3 Kxg7 52. Kf2 Kg6 53. Ke1 Kg5 54. Kd1 Kxg4 55. Ra2 a6 56. Rb2 Rd7 57.
Rb6 h5 58. Kd2 h4 59. Rh6 h3 60. Rh8 f5 61. Rg8+ Kf4 62. Rh8 Kg3 63. Rg8+ Kh2 64. Rf8 Rd5 65. Rg8 b5 66. Rg5 a5 67. Rg8 a4 68. Ra8 f4 69. Rf8 Kg3 70. Rg8+ Kh4 71.
Rh8+ Kg4 72. Rf8 h2 73. Rh8 Rh5 74. Rg8+ Kf3 75. c4 bxc4 76. Rb8 h1=Q 77. Kc3 Qc1+ 78. Kd4 Qe3+ 79. Kc3 d2+ 80. Kb4 Qb3# 0-1

[Event "Late-Titled-Tuesday-Blitz-June-04-2024"]
[Site "Chess.com"]
[Date "2024.06.04"]
[Round "2"]
[White "KingCyber19"]
[Black "Jakhongir-Vakhidov"]
[Result "1-0"]
[WhiteElo "2621"]
[BlackElo "2953"]
[TimeControl "180+1"]
[EndTime "14:19:24 PDT"]
[Termination "KingCyber19 won by resignation"]

1. d4 Nf6 2. c4 d6 3. g3 g6 4. Nf3 Bg7 5. Bg2 c5 6. O-O O-O 7.
Nc3 Nc6 8. b3 Bg4 9. d5 Na5 10.
Bb2 a6 11. a4 Bxf3 12. Bxf3 Qb6 13. Ra3 Nd7 14. Qc2 Qd8 15. Bg2 Rb8 16. Qb1 b6 17. Qa1 Re8 18. Nd1 Bxb2 19. Nxb2 Nf8 20. Nd3 e5 21. dxe6 Nxe6 22. e3 Qc7 23. Qc3 Nc6 24.
Ra2 Red8 25. Rd2 b5 26. axb5 axb5 27. cxb5 Rxb5 28. Rfd1 Rdb8 29. Nc1 Rd8 30. Qf6 Rb6 31. Bh3 Qe7 32. Qc3 Ne5 33. Bg2 Qf6 34. Kh1 Ng4 35. Qxf6 Nxf6 36. h3 Kf8 37. Kg1 Ke7 38. Rd3 h5 39. Ne2 Rdb8 40. Nf4 Nxf4 41. gxf4 Ne8 42. Bd5 Ra6 43. Bc4 Ra2 44. Kg2 Ra3 45. Kf3 Rb6 46.
e4 Nc7 47. e5 d5 48. Bxd5 Nxd5 49. Rxd5 Raxb3+ 50. Kg2 R3b5 51. Rd7+ Kf8 52. Rc7 Rb7 53. Rc8+ Ke7 54. Rdd8 Ke6 55. Rd6+ Kf5 56. Rf6+ Ke4 57.
e6 fxe6 58. Rxe6+ Kd3 59. Rxg6 c4 60. Rd6+ Kc3 61. Rdc6 Rb4 62. f5 Kb3 63. f6 Rf7 64. Kg3 Rb5 65. Kh4 Rf5 66. Rxc4 R7xf6 67. Rc3+ Kb4 68.
R8c4+ Kb5 69. f4 Rxf4+ 70. Rxf4 Rxf4+ 71. Kxh5 Kb4 72. Rc8 Kb5 73. h4 Rf1 74. Kh6 Kb6 75. h5 Kb7 76. Rc2 Rg1 77. Kh7 Kb8 78. h6 Kb7 79.
Kh8 Kb8 80. Rc6 Kb7 81. Rc2 Kb8 82. h7 Kb7 83. Rc4 Kb8 84. Rf4 Kc7 85. Rf8 Kd7 86. Rg8 Rf1 87. Kg7 Rg1+ 88. Kf6 Rf1+ 89. Ke5 Re1+ 90.
Kd4 Rh1 91. h8=Q 1-0

[Event "Late-Titled-Tuesday-Blitz-June-04-2024"]
[Site "Chess.com"]
[Date "2024.06.04"]
[Round "2"]
[White "Timurist"]
[Black "The_Sherman_Variation"]
[Result "0-1"]
[WhiteElo "2350"]
[BlackElo "2593"]
[TimeControl "180+1"]
[EndTime "14:19:28 PDT"]
[Termination "The_Sherman_Variation won on time"]

1. e4 b6 2. d4 Bb7 3. Nc3 e6 4. Be3 Bb4 5. f3 Nf6 6. Ne2 O-O 7. Qd2 c5 8. g4 Nc6 9. a3 cxd4 10. Nxd4 Bc5 11.
Nxc6 Bxc6 12. Bxc5 bxc5 13. Qd6 Qb6 14. Rb1 Rab8 15. Be2 Qa5 16. O-O Rxb2 17. Rxb2 Qxc3 18. Rfb1 Qe3+ 19. Kf1 h6 20. Rb8 Rxb8 21. Rxb8+ Kh7 22. Qd3 Qc1+ 23. Kg2 e5 24. Rb3 a5 25. Rc3 Qe1 26. Rxc5 Qh4 27. Rxe5 Qe1 28. Rc5 g6 29. Rc3 Qc1 30. Qe3 Qb2 31. Qd3 Qb7 32. Rb3 Qc7 33.
Qe3 Qe5 34. Rc3 Bb7 35. Rc5 d5 36. Rxa5 Qe6 37. Bd3 dxe4 38. Bxe4 Bxe4 39. fxe4 Qxg4+ 40. Kf2 Nxe4+ 41. Ke1 Nd6 42. Rc5 Qa4 43. Kd2 Ne4+ 44. Kc1 Nxc5 45. Qxc5 Qf4+ 46. Kb2 Qxh2 47. a4 Qb8+ 48. Qb5 Qc7 49. a5 h5 50. a6 h4 51.
Qb7 Qe5+ 52. Ka2 Qe6+ 53. Ka3 Qd6+ 54. Ka4 Qd4+ 55. Kb3 Qe3+ 56. c3 Qe6+ 57. c4 Qe3+ 58. Kb4 Qd2+ 59. Kb5 Qb2+ 60. Kc5 Qe5+ 61. Qd5 Qc7+ 62.
Kb5 h3 63. Qb7 Qxb7+ 64. axb7 h2 65. b8=Q h1=Q 66. Qc7 Qb1+ 67. Kc5 Qf5+ 68. Kb6 g5 69. c5 g4 70. c6 Kg7 71. Qd7 Qf2+ 72. Kc7 Qf4+ 73.
Kd8 g3 74. c7 Qf6+ 75. Qe7 g2 76. c8=Q g1=Q 77. Qxf6+ Kxf6 78. Qc3+ Kg6 79. Qd3+ Kg7 80. Ke7 Qe1+ 81. Kd6 Qe6+ 82. Kc5 f5 83. Kd4 Kf6 84. Qg3 Qe4+ 85. Kc3 f4 86. Qg8 Qe3+ 87. Kc2 Kf5 88. Qf7+ Kg4 89. Qg6+ Kf3 90. Qh5+ Kf2 91. Qh2+ Kf1 92.
Qh1+ Ke2 0-1